 Dungeon Crawl Stone Soup version 0.31.0-2-g5a2aebc5c2 (webtiles) character file.

Game seed: 16796977653367872766

106 sasquatch the Gusty (level 4, -7/24 HPs)
             Began as a Tengu Air Elementalist on Jan 20, 2024.
             Killed from afar by Ijyb (17 damage)
             ... with a bolt of light
             ... on level 3 of the Dungeon.
             The game lasted 00:04:34 (2299 turns).

sasquatch the Gusty (Tengu Air Elementalist)        Turns: 2299, Time: 00:04:35

Health: -7/24      AC:  2    Str:  8    XL:     4   Next: 84%
Magic:  0/9        EV: 17    Int: 17    God:
Gold:   154        SH:  0    Dex: 15    Spells: 2/8 levels left

rFire   . . .        f - +0 dagger
rCold   . . .        (no shield)
rNeg    . . .        a - +0 robe
rPois   .            (helmet restricted)
rElec   .            (no cloak)
rCorr   .            (no gloves)
SInv    .            (boots unavailable)
Will    .....        (no amulet)
Stlth   +            d - +5 ring of evasion
HPRegen 0.24/turn    (no ring)
MPRegen 0.11/turn

%: acrobat
@: confused
A: beak, talons 3, acrobatic
a: no special abilities


You were on level 3 of the Dungeon.
You visited 1 branch of the dungeon, and saw 3 of its levels.

You collected 154 gold pieces.

Inventory:

Hand Weapons
 f - a +0 dagger (weapon)
Armour
 a - a +0 robe (worn)
Jewellery
 d - a +5 ring of evasion (left hand)
Talismans
 h - a flux talisman
Scrolls
 e - a scroll of identify {unknown}
 g - a scroll of teleportation {unknown}
 i - a scroll of blinking {unknown}
Potions
 b - a potion of magic
 c - 2 potions of lignification {unknown}


   Skills:
 - Level 2.1 Dodging
 - Level 2.0 Stealth
 + Level 2.6 Spellcasting
 * Level 3.8 Conjurations
 * Level 5.4 Air Magic


You had 2 spell levels left.
You knew the following spells:

 Your Spells              Type           Power      Damage    Failure   Level
a - Shock                 Conj/Air       72%        1d7       2%          1
b - Static Discharge      Conj/Air       36%        3-5/arc   4%          2
c - Swiftness             Air            20%        N/A       6%          3

Your spell library contained the following spells:

 Spells                   Type           Power      Damage    Failure   Level
 Airstrike                Air            10%        2d(2-18)  19%         4


Dungeon Overview and Level Annotations

Branches:
Dungeon (3/15)

Altars:

Annotations:
D:3 Ijyb


Innate Abilities, Weirdness & Mutations

You have a beak for a mouth.
You have claws for feet.
You can magically evade attacks while moving or waiting.


Message History

Ijyb is heavily wounded.
Ijyb completely misses you.
You hit Ijyb.
Ijyb is severely wounded.
Ijyb completely misses you.
You hit Ijyb but do no damage.
Ijyb is severely wounded.
Ijyb closely misses you.
A goblin comes into view. It is wielding a +0 club.
You hit Ijyb but do no damage.
Ijyb is severely wounded.
Ijyb hits you with a +0 club.
You closely miss the goblin. Your kick misses the goblin.
You peck the goblin, but do no damage.
Ijyb zaps a wand.
The bolt of light misses you.
The bolt of light hits the goblin!
The goblin dies!
You closely miss Ijyb. You claw Ijyb, but do no damage.
Ijyb is severely wounded.
Ijyb completely misses you.
You hit Ijyb but do no damage. You peck Ijyb, but do no damage.
Ijyb is severely wounded.
Ijyb hits you with a +0 club.
You hit Ijyb but do no damage. Your kick misses Ijyb. You peck Ijyb.
Ijyb is severely wounded.
Ijyb closely misses you.
You hit Ijyb but do no damage. You claw Ijyb.
Ijyb is severely wounded.
Ijyb barely misses you.
You hit Ijyb but do no damage.
Ijyb is severely wounded.
Ijyb completely misses you.
Aiming: Shock (safe; 2% risk of failure)
Press: ? - help, Q - select action, (/) - cycle Shift-Dir - straight line, f/p - Ijyb
Aim: Ijyb, wielding a +0 club, wearing a +0 ring mail and carrying a wand of light (severely wounded, 68% to hit)
The zap hits Ijyb but does no damage.
Ijyb is severely wounded.
Ijyb zaps a wand.
The bolt of light hits you!
You are confused.
Ouch! That really hurt!
You die...

..... .... #...## ...
#.... #.. #...# ...
#...# #.# #...# #.#
#####...#
#.####.)@g...#
###.###...##.####..#
.......<#.......#..####
###.###...##.##.......#
##.###.##>....#....
.... #......g.# ###
###..#####.#.#.# ...#
#.#.#.# .#.# #.#.#.#


You could see Ijyb.

Vanquished Creatures
  5 adders (D:2)
  2 dart slugs (D:1)
  2 endoplasms
  3 giant cockroaches (D:2)
  6 goblins
  A hobgoblin (D:1)
  8 jackals
  5 kobolds
  5 quokkas
  8 ball pythons
  2 bats
  2 frilled lizards (D:2)
  4 rats
53 creatures vanquished.

Vanquished Creatures (others)
  A goblin (D:3)
1 creature vanquished.

Grand Total: 54 creatures vanquished

Notes
Turn   | Place    | Note
-------+----------+-------------------------------------------
     0 | D:1      | sasquatch the Tengu Air Elementalist began the quest for
                  | the Orb.
     0 | D:1      | Reached XP level 1. HP: 10/10 MP: 4/4
   103 | D:1      | Reached XP level 2. HP: 11/15 MP: 0/6
   106 | D:1      | Learned a level 2 spell: Static Discharge
   348 | D:1      | Found a faded altar of an unknown god.
   501 | D:1      | Reached XP level 3. HP: 17/19 MP: 0/7
  1623 | D:2      | Reached skill level 5 in Air Magic
  1770 | D:2      | Reached XP level 4. HP: 24/24 MP: 4/8
  1928 | D:2      | Learned a level 3 spell: Swiftness
  2275 | D:3      | Noticed Ijyb
  2299 | D:3      | Killed from afar by Ijyb

Illustrated notes

Levels and vault maps discovered:
D:1:      ldierk_walled_garden, layout_basic,
          dreamdust_ecumenical_altar_angels_and_demons
D:2:      layout_loops_ring, nicolae_elevator_lobby_plus
D:3:      layout_loops_cross, uniq_ijyb

Skill      XL: |  1  2  3 |
---------------+----------+-----
Conjurations   | 2 3 |  3.8
Air Magic      | 5 |  5.4
Dodging        | |  2.1
Stealth        | |  2.0
Spellcasting   | |  2.6

Action                     |  1- 3 |  4- 6 || total
---------------------------+-------+-------++-------
  Melee: Unarmed           |    13 |       ||    13
         Peck              |     3 |     4 ||     7
         Kick              |     3 |     2 ||     5
         Dagger            |       |    13 ||    13
   Cast: Shock             |    96 |    27 ||   123
         Static Discharge  |       |     2 ||     2
 Armour: Robe              |    12 |    11 ||    23
  Dodge: Dodged            |    28 |    18 ||    46
